 Dungeon Crawl Stone Soup version 0.28.0-1-gb440e238dd (webtiles) character file.

Game seed: 1951868069829709456

949 smarlow the Shield-Bearer (level 7, 0/64 HPs)
             Began as a Minotaur Fighter on Feb 26, 2022.
             Was an Initiate of Okawaru.
             Shot with an arrow by a centaur (2 damage)
             ... on level 6 of the Dungeon.
             The game lasted 00:07:11 (4074 turns).

smarlow the Shield-Bearer (Minotaur Fighter)        Turns: 4074, Time: 00:07:12

Health: 0/64       AC:  7    Str: 23    XL:     7   Next: 90%
Magic:  6/6        EV:  9    Int:  5    God:    Okawaru [......]
Gold:   271        SH:  5    Dex:  9    Spells: 6/6 levels left

rFire   . . .      SeeInvis .   a - +0 war axe
rCold   . . .      Faith    .   c - +0 buckler
rNeg    . . .      Spirit   .   b - +0 scale mail
rPois   .          Reflect  .   (helmet restricted)
rElec   .          Harm     .   (no cloak)
rCorr   .          Rampage  .   (no gloves)
Will    +....                   (no boots)
Stlth   ..........              (no amulet)
HPRegen 0.20/turn               g - ring of willpower
MPRegen 0.10/turn               (no ring)

@: no status effects
A: horns 2, retaliatory headbutt
a: Renounce Religion


You were on level 6 of the Dungeon.
You worshipped Okawaru.
Okawaru was noncommittal.
You visited 1 branch of the dungeon, and saw 6 of its levels.

You collected 271 gold pieces.

Inventory:

Hand Weapons
 a - a +0 war axe (weapon)
Missiles
 w - 6 javelins (quivered)
Armour
 b - a +0 scale mail (worn)
 c - a +0 buckler (worn)
Jewellery
 g - a ring of willpower (left hand)
 m - a +4 ring of evasion
Wands
 t - a wand of charming (7)
Scrolls
 e - 4 scrolls of amnesia
 h - 4 scrolls of identify
 k - a scroll of blinking
 l - a scroll of fog {unknown}
 n - a scroll of torment
 o - a scroll of summoning {unknown}
 p - a scroll of noise {unknown}
 r - a scroll of brand weapon {unknown}
 s - a scroll of teleportation {unknown}
 u - a scroll of immolation {unknown}
Potions
 d - a potion of might
 f - 2 potions of brilliance {unknown}
 i - a potion of degeneration {unknown}
 j - 4 potions of curing {unknown}
 q - a potion of magic {unknown}
 v - a potion of heal wounds {unknown}


   Skills:
 + Level 6.5 Fighting
 + Level 6.0 Axes
 + Level 6.4 Armour
 + Level 6.5 Shields


You had 6 spell levels left.
You didn't know any spells.
Your spell library was empty.

Dungeon Overview and Level Annotations

Branches:
Dungeon (6/15)
 Temple: D:4-7

Altars:
Dithmenos
Elyvilon
Hepliaklqana
Okawaru
Qazlal
Ru

Annotations:
D:6 Prince Ribbit


Innate Abilities, Weirdness & Mutations

You have a pair of horns on your head.
You reflexively headbutt those who attack you in melee.


Message History

You closely miss the centaur. You barely miss Prince Ribbit.
You block the centaur's attack. The centaur kicks you.
Prince Ribbit hits you but does no damage.
The centaur hits you with a +0 mace. The centaur kicks you.
Prince Ribbit closely misses you.
You barely miss the centaur. You headbutt the centaur!
The centaur is moderately wounded.
You barely miss Prince Ribbit. The centaur hits you with a +0 mace!
The centaur kicks you. Prince Ribbit hits you!
* * * LOW HITPOINT WARNING * * *
The centaur hits you with a +0 mace.
* * * LOW HITPOINT WARNING * * *
You block the centaur's attack. You block Prince Ribbit's attack.
The centaur unwields a +0 mace.
The centaur wields a +0 shortbow.
The centaur shoots an arrow.
The arrow hits you.
* * * LOW HITPOINT WARNING * * *
Prince Ribbit blinks!
The centaur shoots an arrow.
The arrow hits you.
* * * LOW HITPOINT WARNING * * *
As you read the scroll labelled LEKHLA VOSO, it crumbles to dust.
It is a scroll of identify.
e - 4 scrolls of amnesia Prince Ribbit blinks!
Blink to where?
Press: ? - help, Dir - move target
As you read the scroll labelled QIUGE SUSCHYL, it crumbles to dust.
It was a scroll of blinking.
The centaur shoots an arrow.
The arrow hits you but does no damage.
As you read the scroll labelled SIECIPREGUSS, it crumbles to dust.
Your body is wracked with pain!
* * * LOW HITPOINT WARNING * * *
The centaur convulses!
It was a scroll of torment.
The centaur shoots an arrow.
You block the arrow.
Blink to where?
Press: ? - help, Dir - move target
As you read the scroll of blinking, it crumbles to dust.
The centaur shoots an arrow.
The arrow barely misses you.
The centaur shoots an arrow.
The arrow hits you.
* * * LOW HITPOINT WARNING * * *
The centaur shoots an arrow.
The arrow hits you.
You die...

#### #### ## ########### #..
... #.###.... ..#.. ... )..
####...# #.#.# #.# #.#
#....#.######.#.####.# #.#
#.##.c......@.....##.####.##
#.###########.#....<.......#
#.# ####.#...##.####..##
#####ยง#
#................... ......#
#.##..)#.#######..#. #######
#.##.).#.# #.<.# ##..#...#.#
#..## ##...#...#.#### #..#
#........#....# #..#


You could see a centaur.

Vanquished Creatures
  A water moccasin (D:5)
  An ogre (D:4)
  A phantom (D:5)
  A kobold brigand (D:4)
  A bullfrog (D:6)
  A water moccasin skeleton (D:4)
  3 wights (D:6)
  2 bullfrog zombies
  2 hounds
  2 jellies
  A bullfrog skeleton (D:6)
  A killer bee zombie (D:4)
  5 adders
  An ufetubus (D:4)
  3 worms
  2 dart slugs
  10 orcs
  7 bats
  9 endoplasms
  A giant cockroach (D:1)
  7 goblins
  4 hobgoblins
  4 jackals (D:1)
  2 kobolds
  6 quokkas
  7 ball pythons
  A frilled lizard (D:2)
  3 rats (D:1)
89 creatures vanquished.

Notes
Turn   | Place    | Note
-------+----------+-------------------------------------------
     0 | D:1      | smarlow the Minotaur Fighter began the quest for the Orb.
     0 | D:1      | Reached XP level 1. HP: 19/19 MP: 0/0
   101 | D:1      | Reached XP level 2. HP: 23/27 MP: 1/1
   386 | D:1      | You fall into a shaft and drop 1 floor!
   436 | D:2      | Reached XP level 3. HP: 30/33 MP: 2/2
   987 | D:2      | Reached XP level 4. HP: 41/41 MP: 3/3
  1036 | D:2      | Found a faded altar of an unknown god.
  1478 | D:3      | Found a white marble altar of Elyvilon.
  2083 | D:4      | Reached XP level 5. HP: 43/47 MP: 4/4
  2128 | D:4      | Noticed an ogre
  2135 | D:4      | Killed an ogre
  2136 | D:4      | Reached skill level 5 in Fighting
  2136 | D:4      | Reached skill level 5 in Armour
  2136 | D:4      | Reached skill level 5 in Shields
  2141 | D:4      | Reached XP level 6. HP: 30/56 MP: 5/5
  3032 | D:5      | Entered Level 5 of the Dungeon
  3071 | D:5      | Found a sacrificial altar of Ru.
  3077 | D:5      | Reached skill level 5 in Axes
  3218 | D:5      | Found a hazy altar of Hepliaklqana.
  3218 | D:5      | Found a stormy altar of Qazlal.
  3241 | D:5      | Noticed a water moccasin
  3246 | D:5      | Killed a water moccasin
  3247 | D:5      | Reached XP level 7. HP: 55/62 MP: 6/6
  3375 | D:5      | Found an iron altar of Okawaru.
  3561 | D:5      | Found a shadowy altar of Dithmenos.
  3643 | D:5      | Became a worshipper of Warmaster Okawaru
  4043 | D:6      | Noticed Prince Ribbit
  4063 | D:6      | HP: 3/64 [/a scroll of torment (1)]
  4073 | D:6      | HP: 2/64 [centaur/arrow (4)]
  4074 | D:6      | Shot with an arrow by a centaur

Illustrated notes

Levels and vault maps discovered:
D:1:      wheals_arrival_shading, layout_basic
D:2:      minmay_evil_eye, layout_rooms, ebering_ecumenical_altar_abandoned,
          chequers_serial_rivers_small_b, minmay_tetromino_l2
D:3:      layout_rooms, nicolae_elyvilon_peaceful_grove
D:4:      layout_loops_cross
D:5:      layout_gridville, mainiacjoe_overflow_catch_the_wave,
          nicolae_dithmenos_through_a_glass_darkly,
          gammafunk_temple_overflow_statue
D:6:      minmay_chambers_of_fours, layout_loops_ring, gup_sewer_entry_bubbles,
          minivault_4, minmay_crystal_room, uniq_prince_ribbit1

Skill      XL: |  1  2  3  4  5  6  7 |
---------------+----------------------+-----
Fighting       | 4 5 6 |  6.5
Shields        | 4 5 6 |  6.5
Armour         | 4 5 6 |  6.4
Axes           | 3 4 5 6 |  6.0

Action                   |  1- 3 |  4- 6 |  7- 9 || total
-------------------------+-------+-------+-------++-------
Melee: War axe           |    84 |    93 |    63 ||   240
       Headbutt          |     9 |    15 |    11 ||    35
  Use: Scroll            |       |       |     4 ||     4
Armor: Scale mail        |    44 |    44 |    21 ||   109
Dodge: Dodged            |    48 |    35 |    33 ||   116
Block: Buckler           |    20 |    19 |    27 ||    66
